Cogmind - Beta 11 X6 @@@ ROGUE MODE // 2021.07.16 @ 18:59:48 Player: Terminus Result: Self-destructed Performance ------------- Evolutions (6) 3000 Regions Visited (24) 4800 Robots Destroyed (410) 2050 Value Destroyed (16062) 16062 Prototype IDs (45) 900 Alien Tech Used (0) 0 Bonus (7599) 7599 TOTAL SCORE: 34411 Bonus ------- Triggered High Security 500 High Alert Combat Kills 2734 Follower Combat Kills 2776 Network Hubs Disabled 200 Met Data Miner 300 Met Warlord at Base 500 MAIN.C Attacked Warlord 500 Warlord Defense Kill 1838 Built Enhanced Grunts 300 A7 Reached Mainframe 300 Met R17 at Cetus 500 Friendly Fire -2849 Cogmind --------- Core Integrity 962/1150 Matter 280/300 Energy 350/350 System Corruption 9% Temperature Cool (0) Movement Immobile (Siege) Location -4/Factory Parts ------- > --- POWER (1) -------- Improved Quantum Reactor > --- PROPULSION (4) --- Centrium Heavy Treads Experimental Biometal Heavy Treads > --- UTILITY (10) ----- Huge Storage Unit Advanced Signal Interpreter Experimental Targeting Computer Advanced Weapon Cycler Active Cooling Armor System Mapper Deep Network Scanner Ghost Barrier > --- WEAPON (4) ------- Hypervelocity Railgun Hypervelocity Railgun Hypervelocity Railgun > --- INVENTORY (25) --- Improved Quantum Reactor Vortex Chain Reactor Armored Medium Treads Armored Medium Treads Armored Heavy Treads Armored Heavy Treads Matter Compressor (250) Experimental Sensor Array Experimental Targeting Computer Improved Armor Integrity Analyzer Advanced Weapon Cycler Medium Regenerative Plating Advanced Hacking Suite Hypervelocity Railgun Hypervelocity Railgun Helical Railgun Helical Railgun Plasma Cutter Peak State ------------ > --- POWER ------------ Improved Quantum Reactor > --- PROPULSION ------- Centrium Heavy Treads Centrium Heavy Treads > --- UTILITY ---------- Experimental Cooling System Huge Storage Unit Experimental Sensor Array Advanced Signal Interpreter Experimental Targeting Computer Centrium Medium Armor Plating Medium Regenerative Plating System Mapper Deep Network Scanner Ghost Barrier > --- WEAPON ----------- Hypervelocity Railgun Hypervelocity Railgun Hypervelocity Railgun Hypervelocity Railgun > --- INVENTORY -------- Quantum Reactor Improved Quantum Reactor Vortex Chain Reactor Armored Medium Treads Armored Medium Treads Armored Medium Treads Armored Medium Treads Coolant Network Matter Compressor Experimental Targeting Computer Improved Armor Integrity Analyzer Advanced Weapon Cycler Advanced Hacking Suite Long-range Tractor Beam Gauss Rifle Gauss Rifle Helical Railgun Helical Railgun Long-range Missile Launcher Remote Datajack Plasma Cutter [Rating: 166] Favorites ----------- Power Heavy Ion Engine Engine Heavy Ion Engine Power Core Fission Core Reactor Antimatter Reactor Propulsion Armored Treads Treads Armored Treads Leg Flexi-carbon Leg Utility Huge Storage Unit Device Experimental Sensor Array Storage Huge Storage Unit Processor Advanced Signal Interpreter Hackware Hacking Suite Protection Improved Light Armor Plating Weapon Improved Light Cannon Energy Gun Heavy Laser Energy Cannon Heavy Plasma Cannon Ballistic Gun Improved KE Penetrator Ballistic Cannon Improved Light Cannon Launcher Rocket Launcher Special Weapon Plasma Cutter Piercing Weapon Spear Build | -11 -10 -10 -9 -9 -9 -8 -8 -8 -7 -7 -7 -7 -6 -6 -6 -6 -6 -6 -5 -5 -5 -5 -4 -4 ------- Run | Scr Mat Min Mat Min Exi Min Mat Sto Fac Low Low Dat Pro Fac Ext Cet Arc Hub Fac Upp Upp War Pro Fac Slots Evolved 12 | . . . 2 . . . 2 . 2 . . . . 2 . . . . 2 . . . . 2 Power . | . . . . . . . . . . . . . . . . . . . . . . . . . Propulsion 2 | . . . . . . . 1 . . . . . . 1 . . . . . . . . . . Utility 8 | . . . 1 . . . 1 . 2 . . . . 1 . . . . 1 . . . . 2 Weapon 2 | . . . 1 . . . . . . . . . . . . . . . 1 . . . . . Parts Attached 349 | 6 15 2 25 2 . 1 27 22 4 11 24 8 13 43 37 22 10 2 11 . . 17 2 45 Power 18 | 1 1 . 2 . . . 1 . . 2 . . . 3 3 1 . . . . . 1 . 3 Engine 9 | 1 1 . 2 . . . 1 . . 2 . . . 1 1 . . . . . . . . . Core 4 | . . . . . . . . . . . . . . 2 2 . . . . . . . . . Reactor 5 | . . . . . . . . . . . . . . . . 1 . . . . . 1 . 3 Propulsion 48 | 2 2 . 6 . . . 8 4 . 1 1 . 4 8 5 4 . . . . . . . 3 Treads 29 | 2 2 . 6 . . . 8 4 . 1 1 . . . . 2 . . . . . . . 3 Leg 19 | . . . . . . . . . . . . . 4 8 5 2 . . . . . . . . Wheel . | . . . . . . . . . . . . . . . . . . . . . . . . . Hover . | . . . . . . . . . . . . . . . . . . . . . . . . . Flight . | . . . . . . . . . . . . . . . . . . . . . . . . . Utility 146 | 1 4 . 5 . . 1 9 6 2 7 16 1 . 19 21 8 6 2 9 . . 12 . 17 Device 83 | . 2 . 1 . . 1 3 3 1 3 11 1 . 12 14 3 5 1 4 . . 9 . 9 Storage 6 | 1 2 . . . . . 1 . . . . . . . 1 1 . . . . . . . . Processor 7 | . . . . . . . . . 1 . . . . 2 . 1 . . . . . 1 . 2 Hackware 4 | . . . . . . . 1 . . . . . . 1 . . . . 1 . . . . 1 Protection 46 | . . . 4 . . . 4 3 . 4 5 . . 4 6 3 1 1 4 . . 2 . 5 Artifact . | . . . . . . . . . . . . . . . . . . . . . . . . . Weapon 137 | 2 8 2 12 2 . . 9 12 2 1 7 7 9 13 8 9 4 . 2 . . 4 2 22 Energy Gun 15 | . . . . . . . 1 . . . . . . 5 5 2 1 . . . . . . 1 Energy Cannon 2 | . . . . . . . . . . . . . . . . 2 . . . . . . . . Ballistic Gun 64 | 2 6 1 2 . . . . 6 1 . 3 3 7 5 . 4 2 . 2 . . 2 1 17 Ballistic Cannon 25 | . . . 8 1 . . 6 4 1 1 2 . 1 . . . . . . . . . . 1 Launcher 21 | . 2 1 2 1 . . 2 2 . . 2 1 1 3 1 . . . . . . . . 3 Special Weapon 7 | . . . . . . . . . . . . . . . 2 1 1 . . . . 2 1 . Impact Weapon . | . . . . . . . . . . . . . . . . . . . . . . . . . Slashing Weapon . | . . . . . . . . . . . . . . . . . . . . . . . . . Piercing Weapon 3 | . . . . . . . . . . . . 3 . . . . . . . . . . . . Special Melee Weapon . | . . . . . . . . . . . . . . . . . . . . . . . . . Unidentified Prototypes 23 | . . . 2 . . . 2 1 . . . . . 1 . 5 1 . 1 . . 4 . 6 Corrupted Parts 16 | . . . . . . . . . . . . 1 11 . 2 2 . . . . . . . . System Corruption 123 | . . . . . . . . . . . . 4 94 . 6 19 . . . . . . . . Parts Lost 48 | . . . . . . . 3 4 . 3 4 . 1 18 3 . . . . . . . . 12 Power 4 | . . . . . . . . . . 1 . . . 2 . . . . . . . . . 1 Propulsion 12 | . . . . . . . . 1 . 1 1 . 1 6 2 . . . . . . . . . Utility 11 | . . . . . . . 1 . . 1 2 . . 4 . . . . . . . . . 3 Weapon 21 | . . . . . . . 2 3 . . 1 . . 6 1 . . . . . . . . 8 Highest Loss Streak 11 | . . . . . . . 1 2 . 1 1 . 1 11 1 . . . . . . . . 3 Average Slot Usage (%) 95 | . 96 100 99 100 100 100 100 99 96 91 95 92 91 96 99 98 85 86 88 88 88 88 88 87 Engine 6 | . 13 14 10 11 11 11 9 9 7 7 7 7 7 1 1 5 . . . . . . . . Reactor 1 | . . . . . . . . . . . . . . . . . 6 6 5 5 5 5 5 4 Treads 18 | . 27 28 22 22 22 22 27 26 23 23 23 23 19 . . 1 13 13 11 11 11 11 11 9 Leg 3 | . . . . . . . . . . . . . 2 25 25 22 . . . . . . . . Device 12 | . 10 14 13 11 11 11 9 9 15 14 14 7 15 19 17 10 10 12 10 11 11 11 11 10 Storage 8 | . 14 14 11 11 11 11 9 9 7 7 7 7 7 6 6 6 6 6 5 5 5 5 5 5 Processor 5 | . . . . . . . . . 7 7 7 7 7 13 13 15 20 13 11 11 11 11 11 10 Hackware 5 | . . . . . . . 9 9 7 7 7 6 . . 6 6 6 6 11 11 11 11 11 15 Protection 6 | . . . 8 11 11 11 9 9 7 7 6 7 7 2 1 6 1 6 5 5 5 4 5 9 Energy Gun 1 | . . . . . . . . . . . . . . 11 19 2 . . . . . . . . Ballistic Gun 10 | . 27 27 10 . . . . 4 15 . 7 13 15 7 . 6 14 20 23 23 23 23 22 20 Ballistic Cannon 10 | . . . 22 32 33 33 26 22 3 14 6 4 2 . . . . . . . . . . . Naked Turns . | . . . . . . . . . . . . . . . . . . . . . . . . . Heaviest Build 139 | 12 52 52 64 64 64 64 111 108 110 119 125 125 125 124 116 123 124 124 134 128 128 128 128 139 Greatest Support 165 | 40 40 40 40 40 40 40 60 62 62 62 68 68 68 80 75 160 160 160 160 160 160 160 160 165 Greatest Overweight (x) 3 | 3 1 1 1 1 1 1 1 1 1 1 1 1 2 2 2 1 . . . . . . . 1 Average Overweight (x) . | . . 1 1 1 1 1 1 1 1 1 1 1 1 1 1 . . . . . . . . . Largest Inventory Capacity 25 | 8 20 20 20 20 20 20 25 25 25 25 25 25 25 25 25 25 25 25 25 25 25 25 25 25 Average Capacity 23 | 7 13 20 20 20 20 20 24 25 25 25 25 25 25 25 25 25 25 25 25 25 25 25 25 25 Most Carried 25 | 2 15 18 20 20 20 20 25 25 25 25 25 24 25 25 25 25 25 24 23 23 24 25 25 25 Average Carried 22 | . 10 16 19 19 20 19 23 24 23 23 24 22 24 24 24 24 24 24 22 23 23 24 25 23 Final Capacity 25 | 8 20 20 20 20 20 20 25 25 25 25 25 25 25 25 25 25 25 25 25 25 25 25 25 25 Final Carried 25 | 2 15 18 20 20 20 20 25 25 23 25 24 23 25 22 25 25 24 24 23 23 24 25 25 21 Class Distribution -------------------- 22% | Tank 18% | Scavenger-Skirmisher 18% | Mutant 14% | Scavenger-Mutant 8% | Scavenger-Tank 6% | Scavenger-Gunner 4% | Wizard-Skirmisher Dominant Class ---------------- Mutant | -10/Materials Mutant | -10/Mines Tank | -9/Materials Tank | -9/Mines Tank | -9/Exiles Tank | -8/Mines Tank | -8/Materials Scavenger-Tank | -8/Storage Scavenger-Skirmisher | -7/Factory Scavenger-Mutant | -7/Lower Caves Mutant | -7/Lower Caves Scavenger-Tank | -7/Data Miner Scavenger-Mutant | -6/Proximity Caves Scavenger-Skirmisher | -6/Factory Scavenger-Skirmisher | -6/Extension Scavenger-Gunner | -6/Cetus Scavenger-Gunner | -6/Archives Scavenger-Skirmisher | -6/Hub_04(d) Scavenger-Skirmisher | -5/Factory Scavenger-Mutant | -5/Upper Caves Scavenger-Skirmisher | -5/Upper Caves Scavenger-Skirmisher | -5/Warlord Scavenger-Skirmisher | -4/Proximity Caves Wizard-Skirmisher | -4/Factory Resources | -11 -10 -10 -9 -9 -9 -8 -8 -8 -7 -7 -7 -7 -6 -6 -6 -6 -6 -6 -5 -5 -5 -5 -4 -4 ----------- Run | Scr Mat Min Mat Min Exi Min Mat Sto Fac Low Low Dat Pro Fac Ext Cet Arc Hub Fac Upp Upp War Pro Fac Matter Collected 14260 | 251 515 80 839 383 . 93 1748 1473 127 438 727 171 261 1275 649 382 467 99 410 . 307 734 194 2637 Remotely 3539 | . . . . . . . 66 430 . . 196 . . . . . . . 309 . . 487 . 2051 Salvage Created 17389 | . 830 105 1416 156 . 86 1755 2054 145 100 484 176 331 1859 1014 151 535 241 1028 . 386 899 235 3403 Parts 897 | . 63 6 91 9 . 2 101 106 4 10 29 3 24 54 43 15 33 12 53 . 6 40 13 180 Haulers Intercepted 18 | . 2 . 6 . . . 3 5 1 . . . . . . . . . . . . . . 1 Recyclers Shooed 17 | . 3 . 1 . . . 1 4 1 . . . . 4 . . . . 2 . 1 . . . Parts Field Recycled . | . . . . . . . . . . . . . . . . . . . . . . . . . Retrieved Matter . | . . . . . . . . . . . . . . . . . . . . . . . . . Parts Self-Destructed 188 | . . . . . . . . . . 10 21 . 3 . . . . . . . 4 134 16 . Prevented 39 | . . . . . . . . . . 1 4 . 20 . . . . . . . . 14 . . Kills | -11 -10 -10 -9 -9 -9 -8 -8 -8 -7 -7 -7 -7 -6 -6 -6 -6 -6 -6 -5 -5 -5 -5 -4 -4 ------- Run | Scr Mat Min Mat Min Exi Min Mat Sto Fac Low Low Dat Pro Fac Ext Cet Arc Hub Fac Upp Upp War Pro Fac Combat Hostiles Destroyed 326 | . 18 3 28 19 . 3 47 39 2 7 17 2 5 26 15 1 1 5 10 . 1 15 3 59 Guns 122 | . 15 . 3 . . . . 2 . . 7 . . 17 8 . 1 5 10 . 1 15 3 35 Cannons 119 | . . . 19 13 . 3 43 28 2 7 4 . . . . . . . . . . . . . AOE 74 | . 3 3 6 6 . . 3 9 . . 5 . 3 8 4 . . . . . . . . 24 Classes Destroyed 24 | . 8 . 2 2 . . 4 1 . 1 2 . . . . . . . . . . 2 . 2 Worker 11 | . 2 . 4 . . . 1 3 . . . . . . . . . . 1 . . . . . Builder 11 | . . . 1 . . . . 3 . . . . . 1 1 . . . 1 . . . . 4 Tunneler 3 | . 1 . 1 . . . . . . . . . . . 1 . . . . . . . . . Hauler 18 | . 2 . 6 . . . 3 5 1 . . . . . . . . . . . . . . 1 Recycler 21 | . 2 . 3 . . . 4 2 1 . . . . 5 1 . . . 2 . . . . 1 Minesweeper 1 | . . . . . . . . . . . 1 . . . . . . . . . . . . . Mechanic 2 | . . . . . . . . 1 . . . . . . . . . . . . . . . 1 Operator 14 | . 2 . 1 . . . . 1 . . . . . 1 . . 9 . . . . . . . Watcher 13 | . 3 . 3 . . . 4 2 . . . . . . . . . 1 . . . . . . Swarmer 67 | . 9 3 3 4 . . 11 4 . 6 8 . . 3 3 . . 2 . . . 2 . 9 Saboteur 1 | . . . . . . . . . . . . . . . . . . . . . . . . 1 Grunt 140 | . 9 . 18 1 . 3 23 23 1 . 5 . . 18 6 . . 1 2 . . 5 3 22 Brawler 4 | . . . . . . . 2 1 . . . . . . . . . . . . . 1 . . Duelist 3 | . . . . 2 . . . . . . . . . . 1 . . . . . . . . . Protector 6 | . . . . . . . 1 . . . . . . . . . . . . . . 3 . 2 Sentry 34 | . . . 7 . . . 7 10 1 . . . . . 3 . 1 2 2 . 1 . . . Demolisher 1 | . . . . . . . . . . . . . . . . . . . . . . 1 . . Specialist 1 | . . . . . . . . . . . . . . . . . . . . . . . . 1 Hunter 29 | . . . . . . . 2 . . . 2 . 5 2 . . . . 4 . . 1 . 13 Programmer 13 | . . . . . . . . . . . 1 . . 3 . . . . . . . . . 9 Heavy 6 | . . . . . . . 1 1 . . . . . . . . . . 2 . . . . 2 Behemoth 4 | . . . . . . . . . . 1 1 . . . 2 . . . . . . . . . Cetus Guard 1 | . . . . . . . . . . . . . . . . 1 . . . . . . . . Enhanced Grunt 3 | . . . . . . . . . . . . 2 . . . . 1 . . . . . . . Executioner 2 | . . . . . . . . . . . . . . . . . . . . . . 2 . . Decomposer 1 | . . . . . . . . . . . . . . . . . . . . . . . 1 . Packrat 1 | . . . . . . . . . . . . . . . . . . . . . 1 . . . Assembled 12 | . . . . 12 . . . . . . . . . . . . . . . . . . . . Thug 2 | . . . . . . . . . . . . . . . 1 . . . . . . 1 . . Marauder 1 | . . . . . . . . . . . . . . . . . . . . . . 1 . . Best Kill Streak 32 | . 4 3 9 6 . 3 6 8 1 3 4 2 2 7 7 1 4 3 7 . 1 6 3 32 Combat Bots Only 29 | . 3 3 4 6 . 3 6 8 1 3 4 2 2 6 6 1 1 3 6 . 1 6 3 29 Max Kills in Single Turn 5 | . 2 3 3 4 . 1 1 3 1 1 4 1 1 3 5 1 1 1 2 . 1 2 1 5 Gunslinging 1 | . . . . . . . . . . . . . . 1 . . . . . . . 1 . 1 Exploded 5 | . 1 3 3 4 . . 1 3 . . 4 . 1 3 4 . . . . . . . . 5 Melee . | . . . . . . . . . . . . . . . . . . . . . . . . . Uniques/NPCs Destroyed 2 | . . . . . . . . . . . . 1 . . . 1 . . . . . . . . Data Miner (-7/Data Miner) A7 (-6/Cetus) Combat | -11 -10 -10 -9 -9 -9 -8 -8 -8 -7 -7 -7 -7 -6 -6 -6 -6 -6 -6 -5 -5 -5 -5 -4 -4 -------- Run | Scr Mat Min Mat Min Exi Min Mat Sto Fac Low Low Dat Pro Fac Ext Cet Arc Hub Fac Upp Upp War Pro Fac Damage Taken 18263 | . 309 7 356 149 . 161 1814 1536 55 827 1604 145 522 2893 538 174 245 149 1091 . 71 463 104 5050 Core 1516 | . 49 . 11 . . 20 193 109 . 62 173 . 65 235 125 52 . 53 136 . 22 23 . 188 Absorbed by Shields 123 | . . . . . . . . . . . . . . . 113 10 . . . . . . . . Reduced by Siege Mode 342 | . . . . . . . . . . . . . . . . . . . 38 . . . . 304 Core Remaining (%) 71 | 100 . 80 . . . 92 . 45 . . . . 57 . . . . 45 . . . . 81 . Volleys Fired 973 | . 74 6 54 28 . 6 130 113 21 29 70 4 35 75 35 17 40 11 25 5 8 44 22 121 Largest 4 | . 2 2 3 3 . 3 3 3 1 1 3 1 1 3 3 3 3 3 4 1 4 4 4 4 Hottest 240 | . 46 46 117 117 . 117 117 126 60 60 106 36 53 207 229 180 98 103 131 35 131 131 131 240 Shots Fired 2414 | . 143 11 156 76 . 18 376 307 21 29 99 4 35 195 94 33 89 32 99 5 32 146 49 365 Gun 1370 | . 138 10 45 . . . . 61 . . 44 . . 186 87 17 76 32 99 5 32 144 38 356 Cannon 927 | . . . 108 72 . 18 369 236 21 29 48 . 17 . . 9 . . . . . . . . Launcher 79 | . 5 1 3 4 . . 7 10 . . 7 4 18 9 2 . . . . . . . . 9 Special 38 | . . . . . . . . . . . . . . . 5 7 13 . . . . 2 11 . Kinetic 2144 | . 138 10 153 72 . 18 369 297 21 29 92 . 17 129 . 17 76 32 99 5 32 144 38 356 Thermal 184 | . . . . . . . . . . . . . . 57 87 16 13 . . . . . 11 . Explosive 31 | . 5 1 3 4 . . . . . . 1 . . 6 2 . . . . . . . . 9 Electromagnetic 48 | . . . . . . . 7 10 . . 6 4 18 3 . . . . . . . . . . Robot Hit Streak 27 | . 10 9 12 7 . 10 10 13 4 6 12 . 3 14 27 11 9 15 17 . 8 16 15 23 Robot Miss Streak 7 | . 5 2 7 7 . 2 7 3 3 3 4 . 2 4 2 2 3 1 2 . 1 3 2 4 Penetration Max 2 | . . . . . . . . 1 . . . . . 1 . . 1 . 1 . 1 1 . 2 Secondary Targets 23 | . 1 . . . . . . . . . 1 . . 4 . . . . 1 . . 5 1 10 Max Gunslinging Chain 2 | . 1 . . . . . . . . . 1 . . 2 . . . . 1 . . 2 1 1 Shots Hit Robots 1460 | . 98 8 96 31 . 13 188 163 13 18 49 1 3 137 73 25 56 18 67 . 24 97 28 254 Core Hits 812 | . 51 6 60 26 . 7 93 91 5 8 25 1 9 75 43 9 23 10 35 . 9 45 12 169 Critical Kills 50 | . . . . . . . . 1 . . 1 . . . . 1 8 4 4 . 1 3 1 26 Critical Parts Destroyed 69 | . . 2 . . . . . . . . . . . 1 . 1 6 1 5 . 3 8 2 40 Critical Strikes 165 | . . 2 5 1 . . 9 9 1 4 4 . . 3 5 2 15 5 10 . 4 12 4 70 Burn 7 | . . . . . . . . . . . . . . 2 5 . . . . . . . . . Meltdown 1 | . . . . . . . . . . . . . . . . 1 . . . . . . . . Destroy 125 | . . 2 . . . . . 1 . . 1 . . 1 . 1 15 5 10 . 4 12 3 70 Blast 31 | . . . 5 1 . . 9 8 1 4 3 . . . . . . . . . . . . . Sever 1 | . . . . . . . . . . . . . . . . . . . . . . . 1 . Melee Attacks 4 | . . . . . . . . . . . . 4 . . . . . . . . . . . . Impact . | . . . . . . . . . . . . . . . . . . . . . . . . . Slashing . | . . . . . . . . . . . . . . . . . . . . . . . . . Piercing 4 | . . . . . . . . . . . . 4 . . . . . . . . . . . . Sneak Attacks 1 | . . . . . . . . . . . . 1 . . . . . . . . . . . . Combat Hostiles . | . . . . . . . . . . . . . . . . . . . . . . . . . Follow-up Attacks . | . . . . . . . . . . . . . . . . . . . . . . . . . Damage Inflicted 42925 | . 1328 270 2331 1175 . 278 4395 4691 679 1021 2421 149 508 4321 2277 617 1452 589 2078 . 610 2481 644 8610 Guns 19284 | . 1084 116 555 . . . . 819 . . 406 . . 2985 1538 355 1364 369 2061 . 610 2481 519 4022 Cannons 12118 | . . . 1342 589 . 278 3831 2694 678 1005 1509 . . . . 192 . . . . . . . . Explosions 10901 | . 228 145 399 583 . . 519 1155 . . 506 63 508 1313 680 . . 220 . . . . . 4582 Melee 86 | . . . . . . . . . . . . 86 . . . . . . . . . . . . Ramming 253 | . 16 9 35 3 . . 45 23 1 16 . . . 23 59 . . . 17 . . . . 6 Kinetic 28903 | . 1084 116 1897 589 . 278 3831 3513 678 1005 1915 . . 2216 . 355 1364 369 2061 . 610 2481 519 4022 Thermal 4648 | . . . . 47 . . . 442 . . 97 . . 866 1538 262 88 . . . . . 125 1183 Explosive 6576 | . 228 145 399 536 . . . . . . 207 . . 982 680 . . . . . . . . 3399 Electromagnetic 2459 | . . . . . . . 519 713 . . 202 63 508 234 . . . 220 . . . . . . Impact . | . . . . . . . . . . . . . . . . . . . . . . . . . Slashing . | . . . . . . . . . . . . . . . . . . . . . . . . . Piercing 86 | . . . . . . . . . . . . 86 . . . . . . . . . . . . Highest Corruption 98 | . . . . . . . 1 1 . . . 4 98 5 11 30 30 4 2 2 2 2 . 9 Average Corruption 5 | . . . . . . . 1 1 . . . 4 8 4 7 16 19 4 2 2 2 2 . 3 Corruption Purged 26 | . . . . . . . . . . . . . . . . . 26 . . . . . . . Effects 245 | . . . . . . . . 11 . . . 3 26 32 57 30 40 5 4 2 5 1 . 29 Message Errors 71 | . . . . . . . . 5 . . . 1 10 12 12 6 11 . . 2 3 1 . 8 Matter Fused 60 | . . . . . . . . . . . . 2 4 9 21 11 10 . . . . . . 3 Heat Flow Errors 21 | . . . . . . . . . . . . . 4 . 4 2 5 1 3 . 1 . . 1 Energy Discharges 22 | . . . . . . . . 4 . . . . 3 5 2 1 3 2 . . . . . 2 Parts Rejected 3 | . . . . . . . . . . . . . . 1 . 1 . . . . . . . 1 Data Loss (minor) 36 | . . . . . . . . 2 . . . . 1 2 10 5 5 1 . . 1 . . 9 Data Loss (major) 9 | . . . . . . . . . . . . . 3 1 4 . 1 . . . . . . . Misfires 6 | . . . . . . . . . . . . . . . 3 1 1 . . . . . . 1 Alerts 2 | . . . . . . . . . . . . . 1 . 1 . . . . . . . . . Misdirections 2 | . . . . . . . . . . . . . . . . 2 . . . . . . . . Weapon Failures 13 | . . . . . . . . . . . . . . 2 . 1 4 1 1 . . . . 4 Overload Shots 1 | . . . . . . . . . . . . . . . . . . . . . . . . 1 Effects 2 | . . . . . . . . . . . . . . . . . . . . . . . . 2 Meltdown 2 | . . . . . . . . . . . . . . . . . . . . . . . . 2 Overflow Damage 621 | . 14 . 4 62 . . 61 16 118 37 126 . . . . 4 1 33 . . . . . 145 Projectiles 344 | . . . 4 11 . . 47 10 118 34 115 . . . . 4 1 . . . . . . . Explosions 272 | . 14 . . 51 . . 12 6 . . 11 . . . . . . 33 . . . . . 145 Melee 5 | . . . . . . . 2 . . 3 . . . . . . . . . . . . . . Knockbacks 90 | . 1 1 9 9 . 5 35 23 2 . 4 . . 1 . . . . . . . . . . Impact 4 | . 1 1 . . . . . . 1 . . . . 1 . . . . . . . . . . Kinetic 76 | . . . 7 9 . 5 32 18 1 . 4 . . . . . . . . . . . . . Secondary 10 | . . . 2 . . . 3 5 . . . . . . . . . . . . . . . . Self-Inflicted Damage 283 | . 7 . 21 25 . . 38 53 . . . 11 31 . . . . 97 . . . . . . Shots 11 | . 1 . 1 1 . . 2 2 . . . 1 2 . . . . 1 . . . . . . Rammed 28 | . 5 1 4 2 . . 5 4 1 4 . . . . . . . . 2 . . . . . Targets Rammed 38 | . 5 1 6 2 . . 5 4 1 4 . . . 2 5 . . . 2 . . . . 1 Kicked 7 | . . . . . . . . . . . . . . 2 5 . . . . . . . . . Crushed 3 | . . . 2 . . . . . . . . . . . . . . . . . . . . 1 Highest Temperature 236 | . 12 . 171 121 . 162 119 72 . . 31 . 236 77 224 147 218 49 184 . 56 . . 232 Average Temperature 36 | . 9 . 42 45 . 97 25 16 . . 14 . 108 18 42 64 100 49 98 . 56 . . 23 Received Heat Transfer 4088 | . 66 . 135 60 . 117 657 747 9 84 237 18 . 1080 186 . 36 18 27 . 9 . 33 569 Effects 2 | . . . . . . . . . . . . . . . . . 2 . . . . . . . Interference 2 | . . . . . . . . . . . . . . . . . 2 . . . . . . . Siege Activations 15 | . . . . . . . . . . . . . . . . . . 1 2 . . 1 . 11 Total Turns 235 | . . . . . . . . . . . . . . . . . . 5 28 . . 17 . 185 Longest Duration 36 | . . . . . . . . . . . . . . . . . . 5 20 . . 17 . 36 Robots Corrupted 6 | . . . . . . . 1 . . . 1 2 2 . . . . . . . . . . . Combat Hostiles 6 | . . . . . . . 1 . . . 1 2 2 . . . . . . . . . . . Parts Fried 20 | . . . . . . . 2 3 . . 1 1 10 . . . . 2 . . . 1 . . Impact Corruptions 4 | . . . . . . . 1 . . 2 . . . . 1 . . . . . . . . . Robots Melted 5 | . . . . . . . . . . . . . . 1 3 1 . . . . . . . . Combat Hostiles 5 | . . . . . . . . . . . . . . 1 3 1 . . . . . . . . Parts Melted 23 | . . . . . . . . . . . . . . 7 14 1 . . . . . . . 1 Heat Transferred 7666 | . . . . 50 . . . 500 . . 100 . . 1691 3485 387 296 . . . . . 407 750 Parts Sabotaged . | . . . . . . . . . . . . . . . . . . . . . . . . . Parts Stolen . | . . . . . . . . . . . . . . . . . . . . . . . . . Parts Stripped . | . . . . . . . . . . . . . . . . . . . . . . . . . Power Chain Reactions 8 | . . . . . . . . 5 . . 1 . . 1 . . . 1 . . . . . . Missiles Intercepted . | . . . . . . . . . . . . . . . . . . . . . . . . . Alert | -11 -10 -10 -9 -9 -9 -8 -8 -8 -7 -7 -7 -7 -6 -6 -6 -6 -6 -6 -5 -5 -5 -5 -4 -4 ------- Run | Scr Mat Min Mat Min Exi Min Mat Sto Fac Low Low Dat Pro Fac Ext Cet Arc Hub Fac Upp Upp War Pro Fac Peak Influence 1947 | . 201 130 435 153 . 71 768 940 532 . . . . 615 1599 1140 723 679 567 . . . . 1947 Initial 848 | . . 45 . 153 . . . 324 427 . . . . 31 301 848 442 135 332 . . . . 70 Average 273 | . 98 40 178 70 . 17 192 360 429 . . . . 182 551 1037 592 340 397 . . . . 414 Maximum Alert Level 5 | . 1 . 2 . . . 3 3 2 . . . . 2 4 4 3 2 2 . . . . 5 Low Security (%) 54 | 100 97 100 61 100 . 100 70 38 . . . . . 50 . . . 26 . . . . . 37 Level 1 21 | . 2 . 31 . . . 11 28 21 . . . . 42 44 . 4 16 74 . . . . 30 Level 2 15 | . . . 6 . . . 11 16 78 . . . . 7 39 . 75 56 25 . . . . 17 Level 3 6 | . . . . . . . 6 17 . . . . . . 6 54 19 . . . . . . 6 Level 4 2 | . . . . . . . . . . . . . . . 9 45 . . . . . . . . Level 5 . | . . . . . . . . . . . . . . . . . . . . . . . . . High Security . | . . . . . . . . . . . . . . . . . . . . . . . . 6 Max Security . | . . . . . . . . . . . . . . . . . . . . . . . . . Squads Dispatched 74 | . 3 . 6 1 . . 7 10 2 . . . . 12 6 . . 2 4 . . . . 21 Investigation 21 | . 2 . 3 1 . . . . 2 . . . . 5 4 . . . . . . . . 4 Extermination 6 | . . . . . . . . . . . . . . 2 . . . . . . . . . 4 Reinforcement 35 | . 1 . 3 . . . 6 8 . . . . . 2 2 . . 1 4 . . . . 8 Assault 8 | . . . . . . . 1 2 . . . . . . . . . . . . . . . 5 Garrison 4 | . . . . . . . . . . . . . . 3 . . . 1 . . . . . . Intercept . | . . . . . . . . . . . . . . . . . . . . . . . . . Construction Impeded 7 | . . . . . . . . 1 . . . . . 1 1 . . . 1 . . . . 3 Haulers Reinforced 6 | . . . . . . . 1 1 . . . . . . . . . . 2 . . . . 2 Active Scanning Responses 13 | . . . . . . . . . 2 . . . . 4 3 . . . . . . . . 4 Cargo Convoy Interrupts 1 | . . . . . . . . . . . . . . . . . . . . . . . . 1 Stealth | -11 -10 -10 -9 -9 -9 -8 -8 -8 -7 -7 -7 -7 -6 -6 -6 -6 -6 -6 -5 -5 -5 -5 -4 -4 --------- Run | Scr Mat Min Mat Min Exi Min Mat Sto Fac Low Low Dat Pro Fac Ext Cet Arc Hub Fac Upp Upp War Pro Fac Distress Signals 19 | . 2 . 2 . . . 3 4 . . . . . 1 1 2 . . 1 . . . . 3 Communications Jammed . | . . . . . . . . . . . . . . . . . . . . . . . . . Distress Signals . | . . . . . . . . . . . . . . . . . . . . . . . . . Times Spotted 560 | . 27 3 47 22 . 3 62 76 2 9 17 2 6 32 44 14 33 7 9 . 1 50 3 91 Peak Tracking Total 21 | . 4 3 4 10 . 3 6 6 1 4 4 2 2 6 7 5 2 3 7 . 1 12 3 21 Tactical Retreats 20 | . . . 1 3 . . 3 3 . 3 . . 1 . 1 . . . . . . . . 5 Traps | -11 -10 -10 -9 -9 -9 -8 -8 -8 -7 -7 -7 -7 -6 -6 -6 -6 -6 -6 -5 -5 -5 -5 -4 -4 ------- Run | Scr Mat Min Mat Min Exi Min Mat Sto Fac Low Low Dat Pro Fac Ext Cet Arc Hub Fac Upp Upp War Pro Fac Traps Triggered 9 | . . . 1 . . . . 4 . . . . . . 1 . . 1 2 . . . . . Indirectly 1 | . . . . . . . . . . . . . . . . . . 1 . . . . . . Trap Hack Attempts . | . . . . . . . . . . . . . . . . . . . . . . . . . Triggered . | . . . . . . . . . . . . . . . . . . . . . . . . . Disarmed . | . . . . . . . . . . . . . . . . . . . . . . . . . Reprogrammed . | . . . . . . . . . . . . . . . . . . . . . . . . . Reused 2 | . . . . . . . . . . . . 2 . . . . . . . . . . . . Traps Extracted . | . . . . . . . . . . . . . . . . . . . . . . . . . Installed 4 | . . . . . . . . . . . . 4 . . . . . . . . . . . . Triggered 20 | . . . . . . . . . . 1 . . . . . . . . . . 1 18 . . Machines | -11 -10 -10 -9 -9 -9 -8 -8 -8 -7 -7 -7 -7 -6 -6 -6 -6 -6 -6 -5 -5 -5 -5 -4 -4 ---------- Run | Scr Mat Min Mat Min Exi Min Mat Sto Fac Low Low Dat Pro Fac Ext Cet Arc Hub Fac Upp Upp War Pro Fac Machines Disabled 57 | . . 1 3 2 . . 2 9 . 1 . . . 4 4 . 3 9 . . . 1 . 18 Max in Single Turn 9 | . . 1 1 2 . . 1 2 . 1 . . . 1 . . 2 9 . . . 1 . 3 Garrison Access 3 | . . . . . . . 1 1 . . . . . . . . . 1 . . . . . . Network Hub 1 | . . . . . . . . . . . . . . . . . . 1 . . . . . . Machines Sabotaged . | . . . . . . . . . . . . . . . . . . . . . . . . . Garrisons Compromised . | . . . . . . . . . . . . . . . . . . . . . . . . . Overloaded Fab Kills . | . . . . . . . . . . . . . . . . . . . . . . . . . Fab Network Shutdowns . | . . . . . . . . . . . . . . . . . . . . . . . . . Hacking | -11 -10 -10 -9 -9 -9 -8 -8 -8 -7 -7 -7 -7 -6 -6 -6 -6 -6 -6 -5 -5 -5 -5 -4 -4 --------- Run | Scr Mat Min Mat Min Exi Min Mat Sto Fac Low Low Dat Pro Fac Ext Cet Arc Hub Fac Upp Upp War Pro Fac Machines Accessed 78 | . 9 . 13 3 1 . 8 12 3 1 1 4 . 5 6 1 . 2 2 . . . . 7 Terminals 53 | . 6 . 10 2 . . 6 9 2 . . . . 4 6 1 . 1 2 . . . . 4 Fabricators 3 | . . . . . . . . . . . . . . 1 . . . . . . . . . 2 Repair Stations 6 | . 1 . 2 . . . . 2 . . . . . . . . . . . . . . . 1 Recycling Units 3 | . 2 . 1 . . . . . . . . . . . . . . . . . . . . . Scanalyzers 2 | . . . . . . . 1 . 1 . . . . . . . . . . . . . . . Garrison Access 3 | . . . . . . . 1 1 . . . . . . . . . 1 . . . . . . Total Hacks 293 | . 25 . 51 9 4 . 25 46 5 1 1 30 . 10 10 1 . 7 10 . . . . 58 Successful 206 | . 19 . 36 5 4 . 18 31 2 1 1 30 . 3 5 1 . 3 6 . . . . 41 Failed 86 | . 6 . 15 4 . . 7 14 3 . . . . 7 5 . . 4 4 . . . . 17 Catastrophic 10 | . 2 . . 1 . . 1 . 1 . . . . 2 . . . 1 . . . . . 2 Database Lockouts 1 | . . . . . . . . 1 . . . . . . . . . . . . . . . . Manual 155 | . 22 . 23 5 . . 19 27 3 . . . . 4 4 1 . 6 2 . . 1 . 38 Terminals 196 | . 19 . 38 8 . . 21 37 4 . . . . 7 10 1 . 6 10 . . . . 35 Fabricators 22 | . . . . . . . . . . . . . . 3 . . . . . . . . . 19 Repair Stations 28 | . 4 . 12 . . . . 8 . . . . . . . . . . . . . . . 4 Recycling Units 3 | . 2 . 1 . . . . . . . . . . . . . . . . . . . . . Scanalyzers 3 | . . . . . . . 2 . 1 . . . . . . . . . . . . . . . Garrison Access 4 | . . . . . . . 2 1 . . . . . . . . . 1 . . . . . . Terminal Hacks 125 | . 8 . 16 5 4 . 11 19 . 1 1 30 . 2 5 1 . 1 5 . . . . 16 Record 15 | . . . . . 4 . . . . . . 11 . . . . . . . . . . . . Part Schematic 14 | . . . . . . . 1 2 . . . 8 . . . . . . 1 . . . . 2 Robot Schematic 8 | . . . . . . . . . . . . 8 . . . . . . . . . . . . Robot Analysis 1 | . . . . . . . . 1 . . . . . . . . . . . . . . . . Prototype ID Bank 5 | . . . . . . . . 2 . . . 3 . . . . . . . . . . . . Open Door 11 | . . . . 1 . . . 3 . 1 1 . . 1 3 1 . . . . . . . . Level Access Points 1 | . . . . . . . 1 . . . . . . . . . . . . . . . . . Branch Access Points 4 | . . . 1 . . . 1 . . . . . . . . . . . 1 . . . . 1 Terminal Index 8 | . 1 . 1 . . . 1 1 . . . . . 1 1 . . 1 . . . . . 1 Fabricator Index 2 | . . . . . . . . . . . . . . . . . . . 1 . . . . 1 Scanalyzer Index 3 | . . . . . . . 1 . . . . . . . . . . . 1 . . . . 1 Alert Level 19 | . 2 . 6 2 . . 2 2 . . . . . . 1 . . . 1 . . . . 3 Unreport Threat 9 | . . . 2 . . . 1 3 . . . . . . . . . . . . . . . 3 Locate Traps 3 | . . . 1 . . . . 1 . . . . . . . . . . . . . . . 1 Recall Extermination 1 | . . . . . . . . . . . . . . . . . . . . . . . . 1 Hauler Manifests 5 | . . . 1 . . . 1 2 . . . . . . . . . . . . . . . 1 Zone Layout 16 | . 5 . 4 2 . . 2 2 . . . . . . . . . . . . . . . 1 Fabricator Hacks 11 | . . . . . . . . . . . . . . 1 . . . . . . . . . 10 Load Schematic 5 | . . . . . . . . . . . . . . 1 . . . . . . . . . 4 Build 6 | . . . . . . . . . . . . . . . . . . . . . . . . 6 Repair Station Hacks 25 | . 4 . 10 . . . . 7 . . . . . . . . . . . . . . . 4 Scan Component 13 | . 2 . 5 . . . . 4 . . . . . . . . . . . . . . . 2 Repair 12 | . 2 . 5 . . . . 3 . . . . . . . . . . . . . . . 2 Recycling Unit Hacks . | . . . . . . . . . . . . . . . . . . . . . . . . . Scanalyzer 3 | . . . . . . . 2 . 1 . . . . . . . . . . . . . . . Insert Component 2 | . . . . . . . 1 . 1 . . . . . . . . . . . . . . . Analyze 1 | . . . . . . . 1 . . . . . . . . . . . . . . . . . Garrison Access Hacks 3 | . . . . . . . 1 1 . . . . . . . . . 1 . . . . . . Seal Access 3 | . . . . . . . 1 1 . . . . . . . . . 1 . . . . . . Unauthorized Hacks 39 | . 7 . 10 . . . 4 4 1 . . . . . . . . 1 1 . . . . 11 Terminals 28 | . 5 . 9 . . . 4 4 1 . . . . . . . . 1 1 . . . . 3 Assimilate 1 | . . . 1 . . . . . . . . . . . . . . . . . . . . . Botnet 27 | . 5 . 8 . . . 4 4 1 . . . . . . . . 1 1 . . . . 3 Fabricators 8 | . . . . . . . . . . . . . . . . . . . . . . . . 8 Report 2 | . . . . . . . . . . . . . . . . . . . . . . . . 2 Prioritize 2 | . . . . . . . . . . . . . . . . . . . . . . . . 2 Siphon 2 | . . . . . . . . . . . . . . . . . . . . . . . . 2 Haulers 2 | . . . . . . . . . . . . . . . . . . . . . . . . 2 Repair Stations . | . . . . . . . . . . . . . . . . . . . . . . . . . Recycling Units 3 | . 2 . 1 . . . . . . . . . . . . . . . . . . . . . Tunnel 3 | . 2 . 1 . . . . . . . . . . . . . . . . . . . . . Scanalyzers . | . . . . . . . . . . . . . . . . . . . . . . . . . Garrison Access . | . . . . . . . . . . . . . . . . . . . . . . . . . Data Cores Recovered 2 | . 1 . . . . . . 1 . . . . . . . . . . . . . . . . Used . | . . . . . . . . . . . . . . . . . . . . . . . . . Hacking Detections 55 | . 6 . 10 2 . . 7 9 3 . . . . 4 3 1 . 1 2 . . . . 7 Full Trace Events 1 | . . . . . . . . . . . . . . 1 . . . . . . . . . . Feedback Events . | . . . . . . . . . . . . . . . . . . . . . . . . . Feedback Blocked . | . . . . . . . . . . . . . . . . . . . . . . . . . Robot Schematics Acquired 8 | . . . . . . . . . . . . 8 . . . . . . . . . . . . Robots Built . | . . . . . . . . . . . . . . . . . . . . . . . . . Matter . | . . . . . . . . . . . . . . . . . . . . . . . . . Time . | . . . . . . . . . . . . . . . . . . . . . . . . . Total Robot Build Rating . | . . . . . . . . . . . . . . . . . . . . . . . . . Part Schematics Acquired 15 | . . . . . . . 2 2 . . . 8 . . . . . . 1 . . . . 2 Parts Built 10 | . . . . . . . . . . . . . . . . . . . . . . . . 10 Matter 1088 | . . . . . . . . . . . . . . . . . . . . . . . . 1088 Time 352 | . . . . . . . . . . . . . . . . . . . . . . . . 352 Total Part Build Rating 80 | . . . . . . . . . . . . . . . . . . . . . . . . 80 Parts Repaired 12 | . 2 . 5 . . . . 3 . . . . . . . . . . . . . . . 2 Time 531 | . 52 . 167 . . . . 96 . . . . . . . . . . . . . . . 216 Parts Recycled . | . . . . . . . . . . . . . . . . . . . . . . . . . Recycled Matter . | . . . . . . . . . . . . . . . . . . . . . . . . . Retrieved Matter . | . . . . . . . . . . . . . . . . . . . . . . . . . Retrieved Components . | . . . . . . . . . . . . . . . . . . . . . . . . . Parts Scanalyzed 1 | . . . . . . . 1 . . . . . . . . . . . . . . . . . Part Schematics Acquired 1 | . . . . . . . 1 . . . . . . . . . . . . . . . . . Parts Damaged . | . . . . . . . . . . . . . . . . . . . . . . . . . Bothacking | -11 -10 -10 -9 -9 -9 -8 -8 -8 -7 -7 -7 -7 -6 -6 -6 -6 -6 -6 -5 -5 -5 -5 -4 -4 ------------ Run | Scr Mat Min Mat Min Exi Min Mat Sto Fac Low Low Dat Pro Fac Ext Cet Arc Hub Fac Upp Upp War Pro Fac Used RIF Installer . | . . . . . . . . . . . . . . . . . . . . . . . . . Robots Hacked 1 | . . . . . . . . . . . . . . . . . . . . . . 1 . . Non-combat . | . . . . . . . . . . . . . . . . . . . . . . . . . Combat 1 | . . . . . . . . . . . . . . . . . . . . . . 1 . . Robot Hacks Applied 1 | . . . . . . . . . . . . . . . . . . . . . . 1 . . parse_system 1 | . . . . . . . . . . . . . . . . . . . . . . 1 . . Relay Couplers Released 2 | . . . . . . . . . . . . . . . . . . 2 . . . . . . Machine Destruction 2 | . . . . . . . . . . . . . . . . . . 2 . . . . . . Robots Rewired 18 | . . . . . . . . . . . . . . 1 15 . . . 1 . . 1 . . Allies Hacked . | . . . . . . . . . . . . . . . . . . . . . . . . . Hacks Repelled . | . . . . . . . . . . . . . . . . . . . . . . . . . Allies | -11 -10 -10 -9 -9 -9 -8 -8 -8 -7 -7 -7 -7 -6 -6 -6 -6 -6 -6 -5 -5 -5 -5 -4 -4 -------- Run | Scr Mat Min Mat Min Exi Min Mat Sto Fac Low Low Dat Pro Fac Ext Cet Arc Hub Fac Upp Upp War Pro Fac Total Allies 42 | . . 3 1 2 . . . 10 . . . . . 1 18 5 . . 1 . . 1 . . Largest Group 10 | . . 3 3 3 . . . 10 . . . . . 1 9 9 3 2 2 . . 1 1 1 Highest-Rated Group 710 | . . 40 40 55 . . . 173 . . . . . 29 398 710 280 172 102 . . 109 109 100 Highest-Rated Ally 156 | . . 16 16 31 . . . 29 . . . . . 29 156 150 95 95 72 . . 109 109 100 Total Orders 1 | . . . . . . . . . . . . . . . . 1 . . . . . . . . STAY 1 | . . . . . . . . . . . . . . . . 1 . . . . . . . . Ally Attacks 528 | . . . 64 6 . . . 107 . . . . . 10 202 97 20 12 . . . . 7 3 Total Damage 10114 | . . . 620 85 . . . 1287 . . . . . 115 3949 2534 643 427 . . . . 281 173 Kills 88 | . . . 12 2 . . . 13 . . . . . . 34 18 3 4 . . . . 1 1 Allies Corrupted . | . . . . . . . . . . . . . . . . . . . . . . . . . Allies Melted 1 | . . . . . . . . 1 . . . . . . . . . . . . . . . . Intel | -11 -10 -10 -9 -9 -9 -8 -8 -8 -7 -7 -7 -7 -6 -6 -6 -6 -6 -6 -5 -5 -5 -5 -4 -4 ------- Run | Scr Mat Min Mat Min Exi Min Mat Sto Fac Low Low Dat Pro Fac Ext Cet Arc Hub Fac Upp Upp War Pro Fac Robot Analysis Total 1 | . . . . . . . . 1 . . . . . . . . . . . . . . . . Derelict Logs Recovered 9 | . . 2 . 1 . . . . . 1 2 . 1 . . . . . . . . . 2 . Drone Launches . | . . . . . . . . . . . . . . . . . . . . . . . . . Drone Recoveries . | . . . . . . . . . . . . . . . . . . . . . . . . . Exploration | -11 -10 -10 -9 -9 -9 -8 -8 -8 -7 -7 -7 -7 -6 -6 -6 -6 -6 -6 -5 -5 -5 -5 -4 -4 ------------- Run | Scr Mat Min Mat Min Exi Min Mat Sto Fac Low Low Dat Pro Fac Ext Cet Arc Hub Fac Upp Upp War Pro Fac Turns Passed 30613 | 68 1760 1427 2691 1629 387 905 2691 2503 597 1826 2487 408 1156 1920 1630 632 838 248 565 285 442 1064 621 1833 Spaces Moved 11059 | 41 845 539 837 570 147 334 792 720 200 658 768 138 347 769 659 226 252 109 237 172 253 445 325 676 Core 18 | 18 . . . . . . . . . . . . . . . . . . . . . . . . Treads 9429 | 23 845 539 837 570 147 334 792 720 200 658 768 138 346 . . 43 252 109 237 172 253 445 325 676 Legs 1612 | . . . . . . . . . . . . . 1 769 659 183 . . . . . . . . Wheels . | . . . . . . . . . . . . . . . . . . . . . . . . . Hover . | . . . . . . . . . . . . . . . . . . . . . . . . . Flight . | . . . . . . . . . . . . . . . . . . . . . . . . . Fastest Speed 50 | 50 160 260 260 265 265 265 266 261 261 261 266 266 266 200 200 160 160 160 160 160 160 160 160 147 Average Speed 225 | 140 167 260 261 265 265 265 267 265 261 261 269 266 298 200 202 194 160 160 160 160 160 160 160 171 Slowest Speed 365 | 200 260 260 265 265 265 265 270 270 261 270 270 266 365 280 285 202 160 160 160 160 160 160 160 260 Overloaded Moves . | . . . . . . . . . . . . . . . . . . . . . . . . . Propulsion Burnouts . | . . . . . . . . . . . . . . . . . . . . . . . . . Robots Hopped . | . . . . . . . . . . . . . . . . . . . . . . . . . Cave-ins Triggered . | . . . . . . . . . . . . . . . . . . . . . . . . . Exploration Rate (%) 56 | 5 95 96 87 97 54 80 67 92 6 75 74 79 46 19 85 65 93 17 10 42 33 38 52 17 Regions Visited 24 Branch Regions 17 Pre-discovered Areas 6 | . 2 . 1 . 1 . . . . . . 1 . . . . . . . . . . 1 . Known Exits Taken 18 | . . . 1 . . . 1 1 1 1 1 1 1 1 1 1 1 1 1 1 1 1 1 . Unknown Exits Taken 6 | 1 1 1 . 1 1 1 . . . . . . . . . . . . . . . . . . Scrap Searched 15 | . . 1 . 2 . 2 . . . 2 2 . 2 . . . . . . . 1 . 3 . Spaces Dug 96 | . 11 . . . . . 5 11 . 1 21 . 11 10 . . . 4 . 2 . 3 4 13 Terrain Destroyed 715 | . 40 9 30 55 . 1 17 47 6 12 43 . 11 32 24 3 16 156 9 3 10 10 10 171 Melee . | . . . . . . . . . . . . . . . . . . . . . . . . . Projectile 230 | . . . 4 10 . 1 17 24 6 12 22 . 11 4 . 3 16 14 9 3 10 10 10 44 AOE 481 | . 40 9 26 45 . . . 23 . . 21 . . 28 24 . . 142 . . . . . 123 Terrain Rammed . | . . . . . . . . . . . . . . . . . . . . . . . . . Walls Destroyed . | . . . . . . . . . . . . . . . . . . . . . . . . . Machines Disabled . | . . . . . . . . . . . . . . . . . . . . . . . . . Actions | -11 -10 -10 -9 -9 -9 -8 -8 -8 -7 -7 -7 -7 -6 -6 -6 -6 -6 -6 -5 -5 -5 -5 -4 -4 --------- Run | Scr Mat Min Mat Min Exi Min Mat Sto Fac Low Low Dat Pro Fac Ext Cet Arc Hub Fac Upp Upp War Pro Fac Total 14814 | 48 1053 552 1228 630 146 342 1079 1068 245 708 1089 166 434 995 875 388 592 157 357 177 270 704 377 1134 Wait 1879 | . 90 . 253 23 . . 84 187 8 2 208 1 12 40 34 81 286 36 75 1 9 168 29 252 Move 11035 | 40 844 538 836 569 146 333 791 719 199 657 767 137 346 768 658 225 251 108 236 171 252 444 324 676 Hop . | . . . . . . . . . . . . . . . . . . . . . . . . . Pick Up 213 | 2 15 3 24 3 . 1 19 8 7 5 11 4 15 26 16 18 2 . 2 . 1 12 . 19 Fast Attach 72 | 6 4 . 8 . . . 3 3 . . 1 . 1 9 13 5 5 . 2 . . 6 . 6 Attach 65 | . . . 2 . . . 6 4 3 3 4 . 1 17 3 1 . . 3 . . . . 18 Detach 7 | . . . . . . . . 1 . . . . . 1 . . . . 1 . . . . 4 Swap 212 | . 11 2 15 2 . 1 18 15 1 8 19 8 11 17 21 16 5 2 6 . . 11 2 21 Drop 209 | . 10 . 30 3 . 1 23 6 5 . 9 4 13 17 23 25 3 . 2 . . 19 . 16 Fire 973 | . 74 6 54 28 . 6 130 113 21 29 70 4 35 75 35 17 40 11 25 5 8 44 22 121 Melee 4 | . . . . . . . . . . . . 4 . . . . . . . . . . . . Ram . | . . . . . . . . . . . . . . . . . . . . . . . . . Kick 7 | . . . . . . . . . . . . . . 2 5 . . . . . . . . . Crush 31 | . 5 1 6 2 . . 5 4 1 4 . . . . . . . . 2 . . . . 1 Escape Stasis 13 | . . . . . . . . 8 . . . . . . 5 . . . . . . . . . Rewire 90 | . . 2 . . . . . . . . . . . 23 62 . . . 3 . . . . . Trap 4 | . . . . . . . . . . . . 4 . . . . . . . . . . . . Miscellaneous . | . . . . . . . . . . . . . . . . . . . . . . . . . Route ------- -11/Scrapyard -10/Materials (discovered 4 exits: *Mat x3 / [*Min]) -10/Mines (discovered 2 exits: *Mat x2) -9/Materials (discovered 5 exits: *Mat x3 / *Min x2) -9/Mines (discovered 3 exits: *Mat x2 / *Exi) -9/Exiles -8/Mines -8/Materials (discovered 4 exits: *Fac x3 / *Sto) -8/Storage -7/Factory -7/Lower Caves -7/Lower Caves (discovered 2 exits: *Fac / *Dat) -7/Data Miner -6/Proximity Caves -6/Factory (discovered 4 exits: Fac x2 / *Low / *Ext) -6/Extension (discovered 2 exits: *Fac / *Cet) -6/Cetus (discovered 2 exits: *Fac / *Arc) -6/Archives (discovered 3 exits: *Fac / *Hub x2) -6/Hub_04(d) -5/Factory (discovered 2 exits: *Upp x2) -5/Upper Caves -5/Upper Caves -5/Warlord -4/Proximity Caves -4/Factory (discovered 4 exits: [*Res x2] / Upp x2) History --------- Turn | Location | Event 6 | -11/Scrapyard | Discovered new exit (range 15) 69 | -11/Scrapyard | Entered Materials 309 | -10/Materials | Build established: Mutant 422 | -10/Materials | Discovered new exit (range 8) 574 | -10/Materials | Discovered new exit (range 16) 747 | -10/Materials | Discovered new exit (range 3) 1132 | -10/Materials | Repaired Ion Engine 1159 | -10/Materials | Repaired Lgt. Treads 1408 | -10/Materials | Discovered new exit (range 16) 1829 | -10/Materials | Entered Mines 2006 | -10/Mines | Discovered new exit (range 8) 2175 | -10/Mines | Discovered new exit (range 13) 2354 | -10/Mines | Received a Rocket Launcher from a helpful Derelict 2574 | -10/Mines | Learned Materials non-interactive machine intel 2610 | -10/Mines | Learned Materials terminal intel 2975 | -10/Mines | Assisted by bots powering up and referring to "LRC-V3" 3256 | -10/Mines | Entered Materials 3256 | -9/Materials | Accompanied by 3 allies 3256 | -9/Materials | Evolved 2 slots: Utility x1, Weapon x1 3257 | -9/Materials | Loaded intel: 25 non-interactive machine locations 3258 | -9/Materials | Loaded intel: 12 terminal locations 3511 | -9/Materials | Repaired Huge Storage Unit 3549 | -9/Materials | Build established: Gunner 3614 | -9/Materials | Identified exit to Mines 3661 | -9/Materials | Discovered new exit (range 10) 4229 | -9/Materials | Build established: Tank 5037 | -9/Materials | Discovered new exit (range 15) 5558 | -9/Materials | Discovered new exit (range 16) 5609 | -9/Materials | Repaired Imp. Light Cannon 5642 | -9/Materials | Repaired Imp. Light Cannon 5670 | -9/Materials | Repaired Lgt. Armor Plating 5722 | -9/Materials | Repaired Hvy. Ion Engine 5947 | -9/Materials | Entered Mines 5947 | -9/Mines | Accompanied by 1 ally 5953 | -9/Mines | Met a Derelict bent on vengeance 6046 | -9/Mines | Discovered new exit (range 6) 6226 | -9/Mines | Found a damaged Exp. Sensor Array with a note attached 6232 | -9/Mines | Found Prototype Device 6241 | -9/Mines | Assembled infested the area 6577 | -9/Mines | Discovered new exit (range 6) 7114 | -9/Mines | Met a Derelict shopkeep closing up shop 7202 | -9/Mines | Found a hidden stash of uninstalled traps 7279 | -9/Mines | A weapon hastily lodged in a ceiling crevice suddenly fell to the ground 7566 | -9/Mines | Deemed a non-threat by the Exiles lab entrance 7566 | -9/Mines | Discovered new exit (range 5) 7576 | -9/Mines | Entered Exiles 7640 | -9/Exiles | Met 8R-AWN 7680 | -9/Exiles | Met EX-HEX 7799 | -9/Exiles | Met EX-DEC 7844 | -9/Exiles | Learned location of Zion (-6) 7940 | -9/Exiles | Discovered new exit (range 11) 7963 | -9/Exiles | Entered Mines 8842 | -8/Mines | Discovered new exit (range 8) 8868 | -8/Mines | Entered Materials 8868 | -8/Materials | Evolved 2 slots: Propulsion x1, Utility x1 8869 | -8/Materials | Identified exit to Storage 9157 | -8/Materials | Build established: Scavenger-Tank 9457 | -8/Materials | Discovered new exit (range 9) 9637 | -8/Materials | Build established: Tank 10013 | -8/Materials | Discovered new exit (range 11) 10737 | -8/Materials | Identified exit to Factory 10910 | -8/Materials | Identified Exp. Sensor Array 11268 | -8/Materials | First assault squad dispatched 11559 | -8/Materials | Entered Storage 11735 | -8/Storage | Assisted by bots powering up and referring to "LRC-V3" 12035 | -8/Storage | Build established: Commander-Tank 12117 | -8/Storage | Central database locked down 12390 | -8/Storage | Build established: Scavenger-Tank 13253 | -8/Storage | Core integrity fell below 50% 13310 | -8/Storage | Repaired Corrupted Hvy. Assault Cannon 13559 | -8/Storage | First assault squad dispatched 13693 | -8/Storage | Repaired Imp. Light Cannon 13732 | -8/Storage | Repaired Arm. Treads 14000 | -8/Storage | Destroyed 8 combat bots 14003 | -8/Storage | Discovered exit to Factory (range 16) 14036 | -8/Storage | Found Corrupted Prototype Device 14062 | -8/Storage | Entered Factory 14062 | -7/Factory | Evolved 2 slots: Utility x2 14083 | -7/Factory | Identified Active Sensor Suite 14369 | -7/Factory | Build established: Scavenger-Skirmisher 14401 | -7/Factory | Discovered new exit (range 15) 14437 | -7/Factory | Identified exit to Lower Caves 14659 | -7/Factory | Entered Lower Caves 14700 | -7/Lower Caves | Build established: Scavenger-Mutant 14882 | -7/Lower Caves | Learned location of 1 exit from Factory 15588 | -7/Lower Caves | Encountered a Warlord checkpoint 15851 | -7/Lower Caves | Spotted B-75 Beast 15899 | -7/Lower Caves | Destroyed B-75 Beast 16037 | -7/Lower Caves | Discovered new exit (range 12) 16074 | -7/Lower Caves | Identified exit to Lower Caves 16160 | -7/Lower Caves | Build established: Mutant 16485 | -7/Lower Caves | Entered another Lower Caves area 16633 | -7/Lower Caves | Discovered new exit (range 10) 16654 | -7/Lower Caves | Identified exit to Factory 16802 | -7/Lower Caves | Learned Factory stockpile data 17664 | -7/Lower Caves | Spotted B-75 Beast 17727 | -7/Lower Caves | Destroyed B-75 Beast 17962 | -7/Lower Caves | Learned Factory security intel 18058 | -7/Lower Caves | Build established: Skirmisher 18658 | -7/Lower Caves | Discovered new exit (range 5) 18967 | -7/Lower Caves | Identified exit to Data Miner 18972 | -7/Lower Caves | Entered Data Miner 18972 | -7/Data Miner | Discovered new exit (range 7) 19023 | -7/Data Miner | Met Data Miner 19082 | -7/Data Miner | Learned location of Section 7 (-2) 19082 | -7/Data Miner | Acquired the access code to Warlord's prototype stash 19121 | -7/Data Miner | Received God Mode back door access code from Data Miner 19246 | -7/Data Miner | Destroyed Data Miner 19249 | -7/Data Miner | Found Prototype Hackware 19250 | -7/Data Miner | Data Conduit disabled 19253 | -7/Data Miner | Found Prototype Hackware 19377 | -7/Data Miner | Identified exit to Proximity Caves 19380 | -7/Data Miner | Entered Proximity Caves 19484 | -6/Proximity Caves | Spotted B-75 Beast 19559 | -6/Proximity Caves | Build established: Scavenger-Mutant 19688 | -6/Proximity Caves | Learned location of 1 exit from Factory 20102 | -6/Proximity Caves | System corruption reached 10% 20497 | -6/Proximity Caves | Discovered exit to Factory (range 5) 20524 | -6/Proximity Caves | System corruption reached 30% 20536 | -6/Proximity Caves | Entered Factory 20536 | -6/Factory | Evolved 2 slots: Propulsion x1, Utility x1 20537 | -6/Factory | Identified exit to Factory 20831 | -6/Factory | Build established: Scavenger-Skirmisher 21165 | -6/Factory | Lost 11 parts (1p2n3u5w) 21348 | -6/Factory | Lost 3 parts (1n1u1w) 21595 | -6/Factory | Discovered new exit (range 14) 21621 | -6/Factory | Identified exit to Lower Caves 22153 | -6/Factory | Identified Deep Network Scanner 22218 | -6/Factory | Garrison activated, responded to threat 22448 | -6/Factory | Discovered new exit (range 6) 22454 | -6/Factory | Identified exit to Extension 22456 | -6/Factory | Entered Extension 22758 | -6/Extension | Rescued A7 23016 | -6/Extension | Rescued a captive Derelict 23047 | -6/Extension | Rescued a captive Derelict 23477 | -6/Extension | Spotted B-75 Beast 23498 | -6/Extension | Destroyed B-75 Beast 23505 | -6/Extension | Spotted B-75 Beast 23512 | -6/Extension | Destroyed B-75 Beast 23609 | -6/Extension | System corruption reached 10% 23906 | -6/Extension | Disrupted transfer network 24042 | -6/Extension | Discovered exit to Factory (range 10) 24044 | -6/Extension | Discovered new exit (range 6) 24057 | -6/Extension | Found Active Sensor Suite 24077 | -6/Extension | Identified exit to Cetus 24086 | -6/Extension | Entered Cetus 24086 | -6/Cetus | Accompanied by 9 allies (A7) 24091 | -6/Cetus | Acquired a Cetus Manufacturing Module code from A7 24116 | -6/Cetus | Spotted Cetus Guard 24117 | -6/Cetus | Spotted Cetus Guard 24117 | -6/Cetus | Spotted Cetus Guard 24120 | -6/Cetus | Spotted Cetus Guard 24121 | -6/Cetus | Allies destroyed Cetus Guard 24130 | -6/Cetus | Allies destroyed Cetus Guard 24130 | -6/Cetus | Destroyed Cetus Guard 24141 | -6/Cetus | Allies destroyed Cetus Guard 24231 | -6/Cetus | Started Cetus Manufacturing Module 24250 | -6/Cetus | Escorted A7 to Cetus Mainframe 24256 | -6/Cetus | Manufactured an Enhanced Grunt 24281 | -6/Cetus | Manufactured an Enhanced Grunt 24306 | -6/Cetus | Manufactured an Enhanced Grunt 24331 | -6/Cetus | Manufactured an Enhanced Grunt 24356 | -6/Cetus | Manufactured an Enhanced Grunt 24382 | -6/Cetus | Destroyed A7 24389 | -6/Cetus | Extracted ID and sensor layout for unrecognized location from A7's data core 24399 | -6/Cetus | Found Prototype Protection 24399 | -6/Cetus | Identified Med. Regenerative Plating 24469 | -6/Cetus | Discovered new exit (range 15) 24577 | -6/Cetus | Spotted Cetus Guard 24577 | -6/Cetus | Spotted Cetus Guard 24583 | -6/Cetus | Spotted Cetus Guard 24585 | -6/Cetus | Allies destroyed Cetus Guard 24587 | -6/Cetus | Spotted Cetus Guard 24592 | -6/Cetus | Allies destroyed Cetus Guard 24596 | -6/Cetus | Allies destroyed Cetus Guard 24599 | -6/Cetus | Allies destroyed Cetus Guard 24633 | -6/Cetus | Discovered exit to Factory (range 15) 24643 | -6/Cetus | System corruption reached 30% 24648 | -6/Cetus | Met Revision 17 24714 | -6/Cetus | Identified exit to Archives 24718 | -6/Cetus | Entered Archives 24718 | -6/Archives | Accompanied by 3 allies 24789 | -6/Archives | Discovered new exit (range 16) 24890 | -6/Archives | Discovered new exit (range 16) 24973 | -6/Archives | Discovered exit to Factory (range 15) 25487 | -6/Archives | Build established: Scavenger-Gunner 25546 | -6/Archives | Identified exit to Hub_04(d) 25556 | -6/Archives | Entered Hub_04(d) 25556 | -6/Hub_04(d) | Accompanied by 2 allies 25643 | -6/Hub_04(d) | Garrison activated, responded to threat 25733 | -6/Hub_04(d) | Discovered exit to Factory (range 8) 25794 | -6/Hub_04(d) | Network Hub disabled 25795 | -6/Hub_04(d) | Core integrity fell below 50% 25804 | -6/Hub_04(d) | Entered Factory 25804 | -5/Factory | Accompanied by 1 ally 25804 | -5/Factory | Evolved 2 slots: Utility x1, Weapon x1 25804 | -5/Factory | Identified System Mapper 25845 | -5/Factory | Identified exit to Upper Caves 25864 | -5/Factory | Build established: Scavenger-Skirmisher 26369 | -5/Factory | Entered Upper Caves 26636 | -5/Upper Caves | Discovered new exit (range 12) 26652 | -5/Upper Caves | Identified exit to Upper Caves 26654 | -5/Upper Caves | Entered another Upper Caves area 26784 | -5/Upper Caves | Attracted the attention of an 0b10 checkpoint 27072 | -5/Upper Caves | Discovered new exit (range 16) 27094 | -5/Upper Caves | Identified exit to Warlord 27096 | -5/Upper Caves | Entered Warlord 27167 | -5/Warlord | System corruption cleaned by Quarantine Array 27272 | -5/Warlord | Met Warlord 27287 | -5/Warlord | Opened Warlord's prototype stash 27292 | -5/Warlord | Found Prototype Reactor 27297 | -5/Warlord | Warlord's base attacked by MAIN.C 27304 | -5/Warlord | Found Exp. Targeting Computer 27312 | -5/Warlord | Found Prototype Hackware 27320 | -5/Warlord | Found Prototype Device 27320 | -5/Warlord | Identified Thermal Barrier 27516 | -5/Warlord | Spotted B-86 Titan 27553 | -5/Warlord | Found Prototype Ballistic Cannon 27647 | -5/Warlord | Warlord forces counterattacked 27648 | -5/Warlord | Destroyed 8T-BOC(B) 27727 | -5/Warlord | Spotted Executioner 27728 | -5/Warlord | Destroyed Executioner 27753 | -5/Warlord | Found Prototype Processor 27754 | -5/Warlord | Spotted Striker 27972 | -5/Warlord | Warlord base infiltrated, sounded retreat 27973 | -5/Warlord | Enhanced Grunt warped into view 27973 | -5/Warlord | Enhanced Grunt warped into view 27973 | -5/Warlord | Enhanced Grunt warped into view 27973 | -5/Warlord | Enhanced Demolisher warped into view 27973 | -5/Warlord | Enhanced Demolisher warped into view 27973 | -5/Warlord | Enhanced Demolisher warped into view 28009 | -5/Warlord | Spotted Striker 28036 | -5/Warlord | Destroyed Executioner 28097 | -5/Warlord | Spotted Executioner 28106 | -5/Warlord | Spotted Executioner 28114 | -5/Warlord | Rewired Executioner 28145 | -5/Warlord | Discovered new exit (range 9) 28156 | -5/Warlord | Identified exit to Proximity Caves 28160 | -5/Warlord | Entered Proximity Caves 28160 | -4/Proximity Caves | Accompanied by 1 ally 28486 | -4/Proximity Caves | Learned location of Armory (-3) 28685 | -4/Proximity Caves | Discovered new exit (range 15) 28759 | -4/Proximity Caves | Identified exit to Factory 28781 | -4/Proximity Caves | Entered Factory 28781 | -4/Factory | Accompanied by 1 ally 28781 | -4/Factory | Evolved 2 slots: Utility x2 28784 | -4/Factory | Identified Exp. Core Analyzer 28786 | -4/Factory | Identified Ghost Barrier 28987 | -4/Factory | Identified exit to Upper Caves 29073 | -4/Factory | Build established: Wizard-Skirmisher 29122 | -4/Factory | Repaired Centrium Heavy Treads? 29142 | -4/Factory | Found Exp. Targeting Computer 29317 | -4/Factory | Repaired Centrium Heavy Treads 29934 | -4/Factory | Discovered new exit (range 11) 30046 | -4/Factory | Discovered new exit (range 8) 30105 | -4/Factory | Fabricated Adv. Weapon Cycler (x2) 30172 | -4/Factory | Fabricated Hyp. Railgun (x2) 30241 | -4/Factory | Fabricated Hyp. Railgun (x2) 30281 | -4/Factory | First assault squad dispatched 30395 | -4/Factory | Fabricated Arm. Heavy Treads (x2) 30443 | -4/Factory | Fabricated Hyp. Railgun (x2) 30477 | -4/Factory | Cargo convoy interrupted 30488 | -4/Factory | High security lockdown imminent 30510 | -4/Factory | Found Prototype Protection 30515 | -4/Factory | Destroyed 29 combat bots 30568 | -4/Factory | High security lockdown engaged 30613 | -4/Factory | Identified Active Cooling Armor 30614 | -4/Factory | Self-destructed Last Messages --------------- 30602_ K-01 Serf destroyed. 30603_ System corrupted: FCS attempts to trigger Hyp. Railgun. 30603_ System corrupted: Hyp. Railgun misfires. 30603_ HV Slug penetrates Wall. 30609_ C-30 ARC bursts open, deploying its payload. 30609_ H-77 Assassin unfolds itself. 30609_ P-70 Sage unfolds itself. 30609_ Slug penetrates Wall. 30609_ Exp. Cooling System destroyed. 30609_ Penetrated by Slug. 30610_ Hyp. Railgun destroyed. 30612_ C-30 ARC bursts open, deploying its payload. 30612_ G-67 Veteran unfolds itself. 30612_ I-47 Archangel unfolds itself. 30612_ Dropped Coolant Network. 30612_ Penetrated by Slug. 30612_ Slug penetrates Wall. 30613_ Identified Active Cooling Armor. 30613_ Chain reaction triggered in Lgt. Ion Engine. 30613_ K-01 Serf destroyed. Map ----- +----------------------------------------------------+ | ????????????????????????????????? # #??? | | ???????????????????????????#?????##+## #??? | | ???????????????????????????# ]=###=[!#+##+###? | | ??????????????????# ???????#